 Dungeon Crawl Stone Soup version 0.28.0-47-ge53b351184 (webtiles) character file.

Game seed: 8600352083005400516

8419 DildoBatman the Blocker (level 11, -5/81 HPs)
             Began as a Formicid Conjurer on Apr 30, 2022.
             Was a Believer of Kikubaaqudgha.
             Slain by a minotaur
             ... wielding a +3 trident
              (10 damage)
             ... in a Gauntlet.
             The game lasted 00:54:34 (12873 turns).

DildoBatman the Blocker (Formicid Conjurer)        Turns: 12873, Time: 00:54:35

Health: -5/81      AC: 24    Str: 11 (14) XL:     11   Next: 55%
Magic:  29/32      EV: 24    Int: 16 (18) God:    Kikubaaqudgha [**....]
Gold:   701        SH: 10    Dex: 12 (13) Spells: 10/24 levels left

rFire   . . .      SeeInvis +   b - +1 mace (protect)
rCold   + + .      Faith    .   K - +0 kite shield
rNeg    . . .      Spirit   .   M - +11 scale mail of Somewhere Else {Str+2}
rPois   .          Reflect  .   (helmet unavailable)
rElec   .          Harm     +   k - +2 cloak
rCorr   +          Rampage  .   e - +1 pair of gloves "Keischy" {Harm Drain rC++ rCorr}
Will    +....                   (no boots)
Stlth   +.........              g - amulet of the acrobat
HPRegen 0.23/turn               c - ring of magical power
MPRegen 0.23/turn               (no ring)

@: brilliant, acrobatic
A: permanent stasis, dig shafts and tunnels, antennae 3, four strong arms,
deterioration 1, high MP 1, MP-powered wands
a: Dig, Renounce Religion, Receive Corpses


You were in a Gauntlet.
You worshipped Kikubaaqudgha.
Kikubaaqudgha was pleased with you.
You visited 3 branches of the dungeon, and saw 13 of its levels.
You also visited: Gauntlet.

You collected 701 gold pieces.

Inventory:

Hand Weapons
 a - a +0 hunting sling
 b - a +1 mace of protection (weapon)
 d - a +2 whip of electrocution
Missiles
 f - 4 curare-tipped darts
 h - 88 arrows
 i - 311 stones
 j - 156 sling bullets
 m - 32 poisoned darts
 p - 42 bolts
 q - a throwing net (quivered)
 s - 3 boomerangs
 v - 8 javelins
Armour
 e - the +1 pair of gloves "Keischy" (worn) {Harm Drain rC++ rCorr}
   (You found it in a Gauntlet)

   rC:        It greatly protects you from cold.
   rCorr:     It protects you from acid and corrosion.
   Drain:     It drains your maximum health when unequipped.
   Harm:      It increases damage dealt and taken.
 k - a +2 cloak (worn)
 n - a +0 ring mail of poison resistance
 G - a +2 robe of the Archmagi
 K - a +0 kite shield (worn)
 M - the +11 scale mail of Somewhere Else (worn) {Str+2}
   (You found it on level 6 of the Dungeon)

   Str:       It affects your strength (+2).
 N - +0 steam dragon scales
 O - a +1 robe of fire resistance
Jewellery
 c - a ring of magical power (left hand)
 g - an amulet of the acrobat (around neck)
Wands
 t - a wand of acid (18)
 x - a wand of flame (51)
 R - a wand of polymorph (4)
Scrolls
 r - a scroll of brand weapon {unknown}
 u - a scroll of fear
 y - a scroll of enchant armour {unknown}
 B - 2 scrolls of blinking {unknown}
 H - 2 scrolls of fog {unknown}
 I - a scroll of enchant weapon {unknown}
 P - 4 scrolls of immolation
Potions
 o - a potion of lignification
 C - a potion of brilliance
 J - a potion of might
Miscellaneous
 l - a condenser vane (inert)
 E - a tin of tremorstones (inert)


   Skills:
 - Level 5.8 Fighting
 - Level 5.7 Armour
 - Level 3.9 Dodging
 - Level 2.4 Stealth
 - Level 9.0 Shields
 - Level 7.0 Spellcasting
 - Level 6.0 Conjurations
 - Level 7.6 Necromancy
 - Level 6.0 Fire Magic
 * Level 0.0 Earth Magic


You had 10 spell levels left.
You knew the following spells:

 Your Spells              Type           Power      Damage    Failure   Level
a - Searing Ray           Conj           74%        2d7       16%         2
b - Conjure Flame         Conj/Fire      37%        6-21      30%         3
c - Magic Dart            Conj           100%       1d8       10%         1
d - Vampiric Draining     Necr           45%        2d9       16%         3
e - Borgnjor's Vile Clut  Necr/Erth      13%        N/A       100%        5

Your spell library contained the following spells:

 Spells                   Type           Power      Damage    Failure   Level
 Animate Skeleton         Necr           90%        N/A       4%          1
 Pain                     Necr           100%       1d9       4%          1
 Animate Dead             Necr           22%        N/A       45%         4
 Dispel Undead            Necr           45%        3d17      45%         4
 Sticky Flame             Conj/Fire      37%        2d6       69%         4
 Dazzling Flash           Conj/Hex       44%        N/A       71%         3
 Slow                     Hex            32%        N/A       75%         1
 Agony                    Necr           45%        N/A       80%         5
 Excruciating Wounds      Necr           22%        N/A       80%         5
 Ignite Poison            Fire/Tmut/Pois 18%        N/A       83%         3
 Confusing Touch          Hex            8%         N/A       98%         3
 Fulminant Prism          Conj/Hex       11%        3d9       98%         4
 Iskenderun's Mystic Bla  Conj/Tloc      22%        2d6       98%         4
 Cause Fear               Hex            4%         N/A       100%        4
 Manifold Assault         Tloc           8%         N/A       100%        5
 Death Channel            Necr           22%        N/A       100%        6
 Dragon Form              Tmut           4%         N/A       100%        7
 Storm Form               Tmut/Air       4%         N/A       100%        7
 Dragon's Call            Summ           4%         N/A       100%        9
 Blink                    Tloc           Unusable   N/A       N/A         2

Dungeon Overview and Level Annotations

Branches:
Dungeon (11/15)            Temple (1/1) D:4             Orc (1/2) D:10
Gauntlet (1/1)
   Lair: D:8-11

Altars:
Ashenzari
Cheibriados
Dithmenos
Elyvilon
Fedhas
Gozag
Hepliaklqana
Kikubaaqudgha
Makhleb
Nemelex Xobeh
Okawaru
Qazlal
Ru
Sif Muna
Trog
Uskayaw
Vehumet
Wu Jian
Xom
Yredelemnul
Zin
The Shining One

Shops:
D:4 [

Annotations:
D:9 1 runed translucent door, exclusion: acid dragon, hitsuchi's ghost, novice DEFE
D:10 exclusions: centaur warrior and salamander
D:11 Nergalle Gauntlet 4 transporters


Innate Abilities, Weirdness & Mutations

You cannot be hasted, slowed, berserked, paralysed or teleported.
You can dig through walls and to a lower floor.
You have a pair of large antennae on your head. (SInv)
Your four strong arms can wield two-handed weapons with a shield.
Your body sometimes deteriorates upon taking damage.
You have an increased reservoir of magic. (+10% MP)
You expend magic power (3 MP) to strengthen your wands.


Message History

Aiming: Vampiric Draining (dangerous; 16% risk of failure)
Press: ? - help, Shift-Dir - straight line, f/p - minotaur
Aim: a minotaur, wielding a +3 trident, wearing a +0 plate armour, wearing the ring of Jealousy {rF+ Int+6 Dex+6} and quivering javelins
Okay, then.
There is a transporter landing site here.
The minotaur throws a javelin.
The javelin completely misses you.
The minotaur throws a javelin.
The javelin misses you.
There is a gate leading back out of this place here.
Items here: ) // = ? [[ | }.
l - a condenser vane Clouds of freezing vapour condense around you!
The condenser dries out!
The minotaur is engulfed in freezing vapours.
You block the minotaur's attack.
Casting: Vampiric Draining (dangerous; 16% risk of failure)
Confirm with . or Enter, or press ? or * to list all spells.
Aiming: Searing Ray (safe; 16% risk of failure)
Press: ? - help, Shift-Dir - straight line, f/p - minotaur
Aim: a minotaur, wielding a +3 trident, wearing a +0 plate armour, wearing the ring of Jealousy {rF+ Int+6 Dex+6} and quivering javelins (freezing vapour, 91% to hit)
You feel a surge of power!
The searing ray hits the minotaur but does no damage. (Press . to maintain the ray.)
The minotaur is engulfed in freezing vapours.
The minotaur hits you from afar with a +3 trident!!
The searing ray hits the minotaur but does no damage.
The minotaur is lightly wounded.
You block the minotaur's attack.
The searing ray hits the minotaur.
The minotaur is moderately wounded.
The minotaur is engulfed in freezing vapours.
You block the minotaur's attack.
The searing ray hits the minotaur but does no damage.
The minotaur is moderately wounded.
You finish channelling your searing ray.
The minotaur is engulfed in freezing vapours.
The minotaur hits you from afar with a +3 trident!
You die...
Kikubaaqudgha rasps: "You have failed me!
Welcome... death!"

###...#≈≈≈#
.8#...#...########
.©#.8.#...#......#
.8#.⌠.#.8[#.######
###.8.#.©.#.#
..#...#.8.#.#
#.#...#.©.#.# #####
#.#.8.#.8.#.# #⌠.⌠#
#.#.∩.#.©...# #.@.#
..#.8.#.8.#H###☼§§# #
#3#...#.©.#.#.##H##.#
.3#...#.8H#.#.##§§..#
###.8.#.©.#..H...####
.8#.⌠.#.8.#.######
.©#.8.#...#..
.8#...#...####
###...#≈≈≈#


You could see a minotaur.

Vanquished Creatures
  3 two-headed ogres
  2 sixfirhies (Gauntlet)
  A troll (D:9)
  A meliai zombie (D:5)
  Sigmund (D:2)
  A yak (D:10)
  A ynoxinul (Gauntlet)
  A redback (Gauntlet)
  A steam dragon (D:9)
  3 wargs (D:10)
  A hell hound (Gauntlet)
  Duvessa (D:7)
  A hornet zombie (D:7)
  3 ice beasts
  A sky beast (D:6)
  2 black bears
  4 orc warriors
  3 necrophages
  2 ogres
  A centaur (D:6)
  A phantom (D:4)
  2 kobold brigands
  3 scorpions (D:5)
  2 bullfrogs
  2 water moccasin zombies (D:6)
  Dowan (D:7)
  10 wights
  4 centaur zombies
  2 bullfrog zombies
  A jelly (D:4)
  4 orc priests
  Crazy Yiuf (D:4)
  2 hounds
  A bullfrog skeleton (D:6)
  4 iron imps (Gauntlet)
  Ijyb (D:3)
  A scorpion zombie (D:5)
  5 orc wizards
  An iguana (D:5)
  A killer bee zombie (D:7)
  A hound skeleton (D:2)
  A howler monkey skeleton (D:7)
  A howler monkey zombie (D:7)
  4 gnolls (D:2)
  9 adders
  A shadow imp (D:7)
  A white imp (D:7)
  An ufetubus (D:7)
  An adder zombie (D:5)
  2 worms (D:5)
  2 dart slugs
  21 orcs
  6 endoplasms
  4 giant cockroaches
  22 goblins
  13 hobgoblins
  3 jackals (D:3)
  2 quokkas
  8 ball pythons
  5 bats
  5 frilled lizards
  13 kobolds
  4 rats
213 creatures vanquished.

Vanquished Creatures (others)
  4 demonic plants (Gauntlet)
  5 fungi (D:4)
9 creatures vanquished.

Grand Total: 222 creatures vanquished

Notes
Turn   | Place    | Note
-------+----------+-------------------------------------------
     0 | D:1      | DildoBatman the Formicid Conjurer began the quest for the
                  | Orb.
     0 | D:1      | Reached XP level 1. HP: 13/13 MP: 3/3
   131 | D:1      | Reached XP level 2. HP: 7/19 MP: 0/5
   134 | D:1      | Learned a level 2 spell: Searing Ray
   589 | D:1      | Reached XP level 3. HP: 24/24 MP: 3/6
  1218 | D:2      | Noticed Sigmund
  1318 | D:2      | Reached XP level 4. HP: 24/30 MP: 1/7
  1451 | D:2      | Reached skill level 5 in Conjurations
  1763 | D:2      | Reached XP level 5. HP: 35/35 MP: 3/8
  1849 | D:2      | You fall into a shaft and drop 1 floor!
  1971 | D:3      | Found a faded altar of an unknown god.
  3132 | D:4      | Found a staircase to the Ecumenical Temple.
  3146 | Temple   | Entered the Ecumenical Temple
  3221 | Temple   | Became a worshipper of Kikubaaqudgha
  3356 | D:4      | Noticed a necrophage
  3551 | D:3      | Noticed Ijyb
  3624 | D:3      | Killed Ijyb
  3625 | D:3      | Reached skill level 1 in Fighting
  3625 | D:3      | Reached XP level 6. HP: 34/43 MP: 5/9
  3998 | D:2      | Killed Sigmund
  4093 | D:4      | Killed a necrophage
  4094 | D:4      | Reached XP level 7. HP: 50/50 MP: 4/13
  4152 | D:4      | Found Reipho's Antique Armour Emporium.
  4478 | D:4      | Reached skill level 5 in Spellcasting
  4829 | D:4      | Found a runed translucent door.
  4830 | D:4      | Noticed Crazy Yiuf
  4983 | D:4      | Killed Crazy Yiuf
  5105 | D:5      | Entered Level 5 of the Dungeon
  5124 | D:5      | Reached XP level 8. HP: 56/56 MP: 4/17
  5400 | D:5      | Reached skill level 1 in Necromancy
  5559 | D:5      | Reached * piety under Kikubaaqudgha
  5559 | D:5      | Received a gift from Kikubaaqudgha
  5568 | D:5      | Found a hide-covered altar of Uskayaw.
  5655 | D:5      | Reached skill level 5 in Necromancy
  5687 | D:5      | Learned a level 3 spell: Vampiric Draining
  5785 | D:5      | Reached XP level 9. HP: 61/61 MP: 16/19
  6717 | D:6      | Reached skill level 1 in Shields
  6718 | D:6      | Reached skill level 3 in Shields
  6763 | D:6      | Reached skill level 4 in Shields
  6836 | D:6      | Reached skill level 5 in Shields
  6982 | D:6      | Reached skill level 6 in Shields
  6991 | D:6      | Identified the +11 scale mail of Somewhere Else {Str+2}
  7651 | D:7      | Reached skill level 7 in Shields
  7753 | D:7      | Reached ** piety under Kikubaaqudgha
  7838 | D:7      | Reached skill level 8 in Shields
  7838 | D:7      | Reached XP level 10. HP: 48/67 MP: 6/20
  7839 | D:7      | Noticed Dowan
  7958 | D:7      | Noticed Duvessa
  7972 | D:7      | Killed Dowan
  7973 | D:7      | Killed Duvessa
  8016 | D:7      | Reached skill level 9 in Shields
  8566 | D:8      | Found a blossoming altar of Fedhas.
  8699 | D:8      | Learned a level 3 spell: Conjure Flame
  8812 | D:8      | Noticed a green ugly thing
  9232 | D:9      | Noticed a two-headed ogre
  9256 | D:9      | Killed a two-headed ogre
  9444 | D:9      | Reached skill level 5 in Fire Magic
  9570 | D:9      | Found a runed translucent door.
  9574 | D:9      | Noticed hitsuchi's ghost (novice DEFE)
 10213 | D:10     | Entered Level 10 of the Dungeon
 10233 | D:10     | Noticed a two-headed ogre
 10342 | D:10     | Found a staircase to the Orcish Mines.
 10401 | D:10     | Noticed a two-headed ogre
 10715 | D:10     | Killed a two-headed ogre
 10716 | D:10     | Reached XP level 11. HP: 76/76 MP: 3/21
 10747 | D:10     | Found a bloodstained altar of Trog.
 10972 | D:10     | Noticed a centaur warrior
 11051 | D:10     | Killed a two-headed ogre
 11450 | D:10     | Noticed a salamander
 11743 | Orc:1    | Entered Level 1 of the Orcish Mines
 11761 | D:10     | Reached skill level 5 in Fighting
 11813 | D:11     | Noticed Nergalle
 11889 | D:11     | Found a gate leading to a gauntlet.
 11897 | Gauntlet | Entered a Gauntlet
 11897 | Gauntlet | Found a transporter.
 11898 | Gauntlet | Noticed a catoblepas
 11906 | Gauntlet | Found the -2 hat of the Alchemist {rElec rPois rF+ rC+ rN+
                  | Will+ rMut rCorr}
 11907 | Gauntlet | Found a transporter.
 11909 | Gauntlet | Found a transporter.
 11910 | Gauntlet | Found a transporter.
 11921 | Gauntlet | Found a transporter.
 11921 | Gauntlet | Found a transporter.
 11922 | Gauntlet | Found a transporter.
 11924 | Gauntlet | Noticed a sixfirhy
 11925 | Gauntlet | Noticed a sixfirhy
 11928 | Gauntlet | Noticed a sixfirhy
 11930 | Gauntlet | Found a transporter.
 11930 | Gauntlet | Noticed a sixfirhy
 11933 | Gauntlet | Found a transporter.
 11934 | Gauntlet | Found a transporter.
 11942 | Gauntlet | Found a transporter.
 11942 | Gauntlet | Noticed a balrug
 11945 | Gauntlet | Found a transporter.
 11946 | Gauntlet | Found a transporter.
 11955 | Gauntlet | Found a transporter.
 11955 | Gauntlet | Noticed a moth of wrath
 12214 | Gauntlet | Reached skill level 5 in Armour
 12291 | Gauntlet | Gained mutation: You have an increased reservoir of magic.
                  | (+10% MP) [potion of mutation]
 12291 | Gauntlet | Gained mutation: Your body sometimes deteriorates upon
                  | taking damage. [potion of mutation]
 12291 | Gauntlet | Gained mutation: You expend magic power (3 MP) to
                  | strengthen your wands. [potion of mutation]
 12300 | Gauntlet | Killed a sixfirhy
 12316 | Gauntlet | Killed a sixfirhy
 12316 | Gauntlet | Reached *** piety under Kikubaaqudgha
 12316 | Gauntlet | Received a gift from Kikubaaqudgha
 12330 | Gauntlet | Learned a level 5 spell: Borgnjor's Vile Clutch
 12627 | Gauntlet | Identified the +1 pair of gloves "Keischy" {Harm Drain rC++
                  | rCorr}
 12704 | Gauntlet | Identified the ring of Jealousy {rF+ Int+6 Dex+6}
 12704 | Gauntlet | Noticed a minotaur
 12873 | Gauntlet | Slain by a minotaur

Illustrated notes

Levels and vault maps discovered:
D:1:      psy_arrival_radial01, layout_basic, chequers_arboretum
D:2:      layout_rooms, minmay_statues_item, uniq_sigmund
D:3:      kennysheep_goblin_castle, layout_basic, basic_ecumenical_altar,
          kennysheep_generic_room_6
D:4:      layout_loops_ring, minmay_temple_entry_gardened_gates, serial_shops,
          kennysheep_mini, uniq_crazy_yiuf_cottage
D:5:      layout_rooms, marbit_many_paths, st_stairs_13, nrook_campfire
D:6:      minmay_octagon_keep, layout_gridville, serial_glass, glass_columns_a,
          glass_columns_b, due_unseen_surprise, minmay_strange_pillars,
          centaur_isle
D:7:      layout_basic, uniq_duvessa
D:8:      layout_loops_corners, mainiacjoe_overflow_catwalk
D:9:      layout_basic, ebering_ghost_inner_flame
D:10:     layout_roguey, mainiacjoe_overflow_concentric_impassable,
          david_orc_1_choice, hellmonk_guarded_unrand_salamander
D:11:     layout_loops_ring, erik_lair_island, gauntlet_entry_generic,
          uniq_nergalle
Temple:   mainiacjoe_temple_bowtie_tessellation
Orc:1:    layout_diamond_mine
Gauntlet: gammafunk_gauntlet_77_escape_option [minmay_gauntlet_arena_77_mess,
          minmay_gauntlet_arena_77_box, minmay_gauntlet_arena_77_broken_ladder,
          minmay_gauntlet_arena_77_museum, minmay_gauntlet_arena_77_checkered,
          dreamdust_gauntlet_exit_labyrinth]

Skill      XL: |  1  2  3  4  5  6  7  8  9 10 11 |
---------------+----------------------------------+-----
Conjurations   | 4 5 6 |  6.0
Fighting       | 1 2 3 5 |  5.8
Armour         | 2 3 5 |  5.7
Spellcasting   | 4 6 7 |  7.0
Necromancy     | 5 6 7 |  7.6
Shields        | 8 9 |  9.0
Dodging        | 3 |  3.9
Fire Magic     | 6 |  6.0
Stealth        | |  2.4

Action                   |  1- 3 |  4- 6 |  7- 9 | 10-12 || total
-------------------------+-------+-------+-------+-------++-------
Melee: Club              |     5 |       |       |       ||     5
       Unarmed           |     4 |       |       |       ||     4
       Spear             |    23 |     6 |       |       ||    29
       Mace              |     1 |    36 |    27 |    13 ||    77
       Scythe            |       |       |     5 |       ||     5
       Punch             |       |       |     4 |       ||     4
       Whip              |       |       |    15 |       ||    15
 Fire: Hunting sling     |       |    17 |   104 |    61 ||   182
 Cast: Magic Dart        |    41 |    78 |    27 |     9 ||   155
       Searing Ray       |     3 |    12 |    53 |    66 ||   134
       Conjure Flame     |       |       |       |    21 ||    21
       Vampiric Draining |       |       |       |     2 ||     2
 Abil: Dig               |     1 |     1 |     1 |       ||     3
Evoke: Tin of tremorston |       |       |       |     2 ||     2
       Wand              |       |       |       |     1 ||     1
       Condenser vane    |       |       |       |     1 ||     1
  Use: Scroll            |       |       |       |     7 ||     7
       Potion            |       |       |       |    11 ||    11
 Stab: Sleeping          |     2 |     1 |       |       ||     3
Armor: Robe              |     4 |    12 |    36 |    20 ||    72
       Scale mail        |       |       |    11 |     3 ||    14
       Skin              |       |       |       |    40 ||    40
       Ring mail         |       |       |       |     1 ||     1
Dodge: Dodged            |    21 |    71 |   152 |   113 ||   357
Block: Kite shield       |       |       |    10 |    91 ||   101
